 Dungeon Crawl Stone Soup version 0.30.0-15-g856e2d3f33 (webtiles) character file.

Game seed: 9755005095227942804

653 qw the Chopper (level 7, 0/44 HPs)
             Began as a Gargoyle Fighter on May 20, 2023.
             Slain by an ogre
             ... wielding a +0 giant club
              (20 damage)
             ... on level 5 of the Dungeon.
             The game lasted 00:01:44 (3888 turns).

qw the Chopper (Gargoyle Fighter)                   Turns: 3888, Time: 00:01:44

Health: 0/44       AC: 15    Str: 22    XL:     7   Next: 54%
Magic:  7/7        EV:  7    Int:  8    God:
Gold:   273        SH:  8    Dex:  9    Spells: 6/6 levels left

rFire   . . .        Y - +1 war axe (heavy)
rCold   . . .        e - +0 kite shield
rNeg    + . .        g - +0 chain mail
rPois   inf          (no helmet)
rElec   +            (no cloak)
rCorr   .            t - +0 pair of gloves
SInv    .            (no boots)
Will    .....        (no amulet) Stlth
                     (no ring)
HPRegen 0.27/turn    (no ring)
MPRegen 0.10/turn

%: no passive effects
@: no status effects
A: sickness immunity, AC +4, negative energy resistance 1, electricity
resistance, torment resistance 1, petrification resistance
a: no special abilities


You were on level 5 of the Dungeon.
You visited 1 branch of the dungeon, and saw 5 of its levels.

You collected 273 gold pieces.


Innate Abilities, Weirdness & Mutations

You are immune to sickness and miasma.
Your stone body is resilient. (AC +4)
You are immune to poison.
You resist negative energy. (rN+)
You are resistant to electric shocks. (rElec)
You are resistant to unholy torment.
You are immune to petrification.


   Skills:
 - Level 4.3 Fighting
 - Level 6.0 Axes
 - Level 3.2 Armour
 + Level 5.5 Shields


You had 6 spell levels left.
You didn't know any spells.
Your spell library was empty.

Inventory:

Hand Weapons
 k - a +0 flail
 Y - a +1 heavy war axe (weapon)
Missiles
 c - 10 boomerangs (quivered)
Armour
 a - a +0 helmet
 e - a +0 kite shield (worn)
 g - a +0 chain mail (worn)
 t - a +0 pair of gloves (worn)
Scrolls
 j - 2 scrolls of identify
Potions
 b - a potion of cancellation {unknown}
 d - a potion of might
 h - a potion of heal wounds {unknown}
 l - a potion of lignification {unknown}

Dungeon Overview and Level Annotations

Branches:
Dungeon (5/15)
 Temple: D:4-7

Altars:
Dithmenos
Nemelex Xobeh

Shops:
D:1 *

Annotations:
D:2 1 runed translucent door, Crazy Yiuf


Message History

Your Axes skill increases to level 6!
You start resting.
HP restored.
j - 2 scrolls of identify (gained 1)
Found a stone staircase leading down.
An adder comes into view.
You throw a boomerang. The boomerang misses the adder.
You throw a boomerang. The boomerang hits the adder.
The adder is heavily wounded.
You closely miss the adder.
The adder is heavily wounded.
The adder bites you but does no damage. You block the adder's attack.
You barely miss the adder.
The adder is heavily wounded.
The adder bites you but does no damage. The adder barely misses you.
You block the adder's attack.
You slice the adder!!
You kill the adder!
You now have 273 gold pieces (gained 9).
An ogre comes into view. It is wielding a +0 giant club.
The ogre shouts!
You throw a boomerang. The boomerang hits the ogre.
The ogre is lightly wounded.
You throw a boomerang.
The boomerang hits the ogre but does no damage.
The ogre is lightly wounded.
You throw a boomerang.
The boomerang completely misses the ogre.
The boomerang hits the plant!
The plant begins to die.
The plant is lightly damaged.
You closely miss the ogre.
The ogre is lightly wounded.
The ogre hits you with a +0 giant club!!
Ouch! That really hurt!
You block the ogre's attack.
You barely miss the ogre.
The ogre is lightly wounded.
A nearby plant withers and dies.
The ogre hits you with a +0 giant club!!
You die...

...#
#..####......#.#
...# #..#
###........ ...#
#### #.#...#.#.#
...# #.#.....#
...# #...>####.#
...# #####........
...+ #.......#.###
...# #.##....# #
...+ #@......#
...#
~~~~~~O..#......#
+##
~P~~~~...#...##...
~~~~.....#...# .#.
~~~~~....#...# #
~~.~.....#....
~~~..#.### P~~....


You could see an ogre.

Vanquished Creatures
  Menkaure (D:5)
  2 black bears (D:5)
  2 scorpions (D:4)
  A hound (D:4)
  An iguana (D:4)
  Terence (D:2)
  5 adders
  3 worms
  4 dart slugs
  11 orcs
  6 endoplasms
  A giant cockroach (D:2)
  10 goblins
  3 hobgoblins
  4 jackals (D:2)
  3 quokkas
  3 ball pythons
  3 bats
  5 frilled lizards
  11 kobolds
  11 rats
91 creatures vanquished.

Vanquished Creatures (others)
  A frilled lizard zombie (D:2)
  A goblin zombie (D:3)
2 creatures vanquished.

Grand Total: 93 creatures vanquished

Notes
Turn   | Place    | Note
-------+----------+-------------------------------------------
     0 | D:1      | qw the Gargoyle Fighter began the quest for the Orb.
     0 | D:1      | Reached XP level 1. HP: 14/14 MP: 1/1
     0 | D:1      | 0 ||| qw: Version: 0.2-a-97-g499787f
     0 | D:1      | 0 ||| qw: Game counter: 87
     0 | D:1      | 0 ||| qw: Always use a shield: true
     0 | D:1      | 0 ||| qw: God list: Okawaru
     0 | D:1      | 0 ||| qw: Allow faded altars: false
     0 | D:1      | 0 ||| qw: Do Orc after D:15 true
     0 | D:1      | 0 ||| qw: Do second Lair branch before Depths: true
     0 | D:1      | 0 ||| qw: Lair rune preference: random
     0 | D:1      | 0 ||| qw: Plans: Normal, Zot:1-4, God:TSO, Crypt, Tomb,
                  | Pan, Slime:5, Hells, Abyss, Win
     0 | D:1      | 0 ||| PLANNING D:1-11
    75 | D:1      | Reached skill level 2 in Axes
    92 | D:1      | Found Helacoch's General Store.
   116 | D:1      | 116 ||| SHOPLISTING scroll of identify (28 gold, have 0).
   217 | D:1      | 217 ||| Stepping ~*~*~tactically~*~*~ (hiding).
   221 | D:1      | 221 ||| Stepping ~*~*~tactically~*~*~ (hiding).
   230 | D:1      | Reached XP level 2. HP: 16/19 MP: 2/2
   392 | D:1      | 392 ||| Stepping ~*~*~tactically~*~*~ (hiding).
   788 | D:1      | Found a faded altar of an unknown god.
   886 | D:1      | 886 ||| UPGRADING to +0 kite shield.
   896 | D:1      | 896 ||| DROPPING +0 buckler.
   897 | D:1      | 897 ||| READING scroll labelled TICAOT AMOAMM.
   898 | D:1      | 898 ||| READING scroll labelled IJIHO KIPACWU.
   899 | D:1      | 899 ||| READING scroll labelled VUEM REUKKOCOE.
   933 | D:2      | Reached skill level 3 in Axes
   934 | D:2      | Reached XP level 3. HP: 20/23 MP: 3/3
   934 | D:2      | 934 ||| STAIRDANCE
  1040 | D:2      | Found a runed translucent door.
  1041 | D:2      | Noticed Crazy Yiuf
  1160 | D:2      | Noticed Terence
  1166 | D:2      | Killed Terence
  1167 | D:2      | Reached XP level 4. HP: 21/28 MP: 4/4
  1789 | D:2      | 1789 ||| Stepping ~*~*~tactically~*~*~ (stealth).
  1821 | D:2      | 1821 ||| UPGRADING to +0 chain mail.
  1831 | D:2      | 1831 ||| DROPPING +0 scale mail.
  1832 | D:2      | 1832 ||| READING scroll labelled ACRURE GIRUO.
  1899 | D:3      | 1899 ||| Stepping ~*~*~tactically~*~*~ (hiding).
  1900 | D:3      | 1900 ||| Stepping ~*~*~tactically~*~*~ (hiding).
  2055 | D:3      | Reached XP level 5. HP: 31/32 MP: 5/5
  2267 | D:3      | Reached skill level 4 in Axes
  2307 | D:3      | 2307 ||| SWAPPING to +0 heavy war axe.
  2308 | D:3      | 2308 ||| DROPPING +0 war axe of chaos.
  2365 | D:3      | 2365 ||| DROPPING +0 club.
  2673 | D:3      | 2673 ||| UPGRADING to +0 pair of gloves.
  2678 | D:3      | 2678 ||| READING scroll labelled FEIKOU TOUCWUI.
  2679 | D:3      | 2679 ||| READING scroll labelled RAWOTE GYJIS.
  2680 | D:3      | 2680 ||| READING scroll labelled MIASIGUOKH.
  2681 | D:3      | 2681 ||| READING scroll labelled ZUEVEU BAENT.
  2705 | D:3      | 2705 ||| DRINKING 2 coppery potions.
  2706 | D:3      | 2706 ||| DRINKING 2 silvery potions.
  2707 | D:3      | 2707 ||| DRINKING 2 ruby potions.
  2708 | D:3      | 2708 ||| READING 2 scrolls of identify.
  2708 | D:3      | 2708 ||| IDENTIFYING metallic amethyst potion
  2709 | D:3      | 2709 ||| DROPPING potion of berserk rage.
  2710 | D:3      | 2710 ||| DROPPING potion of flight.
  2711 | D:3      | 2711 ||| DROPPING potion of brilliance.
  2993 | D:4      | 2993 ||| Stepping ~*~*~tactically~*~*~ (hiding).
  3059 | D:4      | 3059 ||| Stepping ~*~*~tactically~*~*~ (stealth).
  3082 | D:4      | Reached XP level 6. HP: 28/37 MP: 6/6
  3161 | D:4      | Found a sparkling altar of Nemelex Xobeh.
  3258 | D:4      | 3258 ||| Stepping ~*~*~tactically~*~*~ (hiding).
  3419 | D:4      | Reached skill level 5 in Axes
  3421 | D:4      | 3421 ||| DROPPING +1 whip of venom.
  3614 | D:4      | 3614 ||| READING scroll labelled BILI DADDUANGE.
  3615 | D:4      | 3615 ||| READING 2 scrolls labelled ITSEUGOASCH.
  3616 | D:4      | 3616 ||| DRINKING 2 red potions.
  3617 | D:4      | 3617 ||| DRINKING potion of curing.
  3617 | D:4      | 3617 ||| (to cure confusion)
  3618 | D:4      | 3618 ||| DROPPING scroll of magic mapping.
  3619 | D:4      | 3619 ||| DROPPING potion of ambrosia.
  3654 | D:5      | Entered Level 5 of the Dungeon
  3673 | D:5      | Found a shadowy altar of Dithmenos.
  3732 | D:5      | Noticed a black bear
  3742 | D:5      | Killed a black bear
  3743 | D:5      | Reached XP level 7. HP: 32/44 MP: 7/7
  3817 | D:5      | Noticed Menkaure
  3822 | D:5      | Killed Menkaure
  3823 | D:5      | Reached skill level 6 in Axes
  3888 | D:5      | Slain by an ogre

Levels and vault maps discovered:
D:1:      dpeg_arrival_simpleton_a, layout_loops_ring, serial_shops,
          nicolae_shop_window_shopping, chequers_ecumenical_altar_island
D:2:      layout_loops_ring, kennysheep_generic_room_9, uniq_terence,
          uniq_crazy_yiuf_cottage
D:3:      corexii_shack_village, layout_loops_ring
D:4:      layout_gridville, overflow_temple_1_default, chequers_arboretum
D:5:      layout_basic, lemuel_crystal_altar, temple_fountains,
          chequers_big_river, chequers_serial_rivers_micro_a, uniq_menkaure

Skill      XL: |  1  2  3  4  5  6  7 |
---------------+----------------------+-----
Axes           | 2 3 4 5 6 |  6.0
Shields        | 4 5 |  5.5
Fighting       | 4 |  4.3
Armour         | |  3.2

Action                     |  1- 3 |  4- 6 |  7- 9 || total
---------------------------+-------+-------+-------++-------
  Melee: War axe           |    76 |   154 |    11 ||   241
  Throw: Boomerang         |     9 |    37 |     8 ||    54
    Use: Scroll            |     3 |     8 |       ||    11
         Potion            |       |     5 |       ||     5
 Armour: Scale mail        |    31 |    18 |       ||    49
         Chain mail        |       |    81 |    13 ||    94
  Dodge: Dodged            |    30 |    76 |     7 ||   113
  Block: Buckler           |    10 |       |       ||    10
         Kite shield       |    10 |    86 |     9 ||   105

Table legend:
 A = Non-vault XP
 B = Vault XP
 C = Vault XP percentage of total XP
 D = Non-vault monster count
 E = Vault monster count
 F = Vault count percentage of total count
                 A         B        C        D         E       F
            +---------+---------+-------+---------+---------+-------
      Total |     700 |     233 |  25.0 |      73 |      18 |  19.8
            +---------+---------+-------+---------+---------+-------
        D:1 |      31 |       0 |   0.0 |      22 |       0 |   0.0
        D:2 |      80 |      37 |  31.6 |      18 |       2 |  10.0
        D:3 |      19 |      31 |  62.0 |       9 |      15 |  62.5
        D:4 |     299 |       0 |   0.0 |      21 |       0 |   0.0
        D:5 |     271 |     165 |  37.8 |       3 |       1 |  25.0
            +---------+---------+-------+---------+---------+-------
